 Dungeon Crawl Stone Soup version 0.30.0-29-ga12c61a403 (webtiles) character file.

Game seed: 5273498154375112786

9709 FallenXxXSky the Skirmisher (level 11, -12/86 HPs)
             Began as a Gnoll Wanderer on June 17, 2023.
             Was the Champion of Fedhas.
             Mangled by a komodo dragon (22 damage)
             ... on level 1 of the Lair of Beasts.
             The game lasted 00:23:19 (14719 turns).

FallenXxXSky the Skirmisher (Gnoll Wanderer)       Turns: 14719, Time: 00:23:20

Health: -12/86     AC: 20    Str: 19    XL:     11   Next: 50%
Magic:  20/20      EV:  8    Int: 10    God:    Fedhas [******]
Gold:   609        SH:  0    Dex: 13    Spells: 23/23 levels left

rFire   . . .        a - +0 whip (elec)
rCold   . . .        (no shield)
rNeg    + . .        P - +0 plate armour {Will+}
rPois   +            i - +0 helmet
rElec   .            w - +1 cloak
rCorr   .            q - +2 pair of gloves {Dex+3}
SInv    .            (no boots)
Will    +....        (no amulet) Stlth
                     L - ring of positive energy
HPRegen 0.34/turn    v - ring of poison resistance
MPRegen 0.17/turn

%: no passive effects
@: studying Ranged Weapons
A: fangs 1, strong nose, distributed training
a: Renounce Religion, Wall of Briars, Grow Ballistomycete, Overgrow, Grow Oklob


You were on level 1 of the Lair of Beasts.
You worshipped Fedhas.
Fedhas was exalted by your worship.
You visited 3 branches of the dungeon, and saw 13 of its levels.
You also visited: Sewer.

You collected 707 gold pieces.
You spent 98 gold pieces at shops.

Inventory:

Hand Weapons
 a - a +0 whip of electrocution (weapon)
 b - a +0 shortbow
 H - a +0 demon trident
Armour
 i - a +0 helmet (worn)
 q - a +2 pair of gloves of dexterity (worn)
 w - a +1 cloak (worn)
 P - a +0 plate armour of willpower (worn)
Jewellery
 v - a ring of poison resistance (right hand)
 L - a ring of positive energy (left hand)
 R - a ring of ice
Wands
 e - a wand of mindburst (6)
 o - a wand of paralysis (20)
 C - a wand of polymorph (7)
 E - a wand of roots (7)
 J - a wand of flame (18)
 S - a wand of quicksilver (6)
Scrolls
 d - 3 scrolls of silence
 j - a scroll of summoning {unknown}
 k - 3 scrolls of enchant armour {unknown}
 l - 8 scrolls of teleportation
 p - 2 scrolls of vulnerability {unknown}
 r - a scroll of fear
 s - 2 scrolls of fog {unknown}
 t - 2 scrolls of enchant weapon
 y - 2 scrolls of poison {unknown}
 z - 2 scrolls of amnesia
 I - a scroll of torment
 K - 2 scrolls of brand weapon
 M - a scroll of identify
Potions
 c - a potion of invisibility
 f - 5 potions of magic
 g - 3 potions of flight
 h - a potion of degeneration {unknown}
 m - a potion of curing
 u - a potion of attraction
 x - 4 potions of cancellation {unknown}
 A - a potion of berserk rage
 D - 2 potions of mutation {unknown}
 F - 2 potions of might
 G - 6 potions of resistance
 O - 2 potions of lignification {unknown}
 Q - a potion of brilliance {unknown}
Miscellaneous
 N - a box of beasts


   Skills:
 + Level 8.1 Fighting
 + Level 6.6 Short Blades
 + Level 6.6 Long Blades
 + Level 6.6 Axes
 + Level 6.6 Maces & Flails
 + Level 7.1 Polearms
 + Level 6.6 Staves
 + Level 13.2 Ranged Weapons
 + Level 6.6 Throwing
 + Level 8.1 Armour
 + Level 6.6 Dodging
 + Level 6.6 Stealth
 + Level 6.6 Shields
 + Level 6.6 Unarmed Combat
 + Level 6.6 Spellcasting
 + Level 5.4 Conjurations
 + Level 5.4 Hexes
 + Level 5.4 Summonings
 + Level 5.4 Necromancy
 + Level 5.4 Translocations
 + Level 5.4 Transmutations
 + Level 5.4 Fire Magic
 + Level 5.4 Ice Magic
 + Level 5.4 Air Magic
 + Level 5.4 Earth Magic
 + Level 5.4 Poison Magic
 + Level 7.2 Invocations
 + Level 6.6 Evocations


You had 23 spell levels left.
You didn't know any spells.
Your spell library contained the following spells:

 Spells                   Type           Power      Damage    Failure   Level
 Ensorcelled Hibernation  Hex/Ice        28%        N/A       56%         2
 Portal Projectile        Hex/Tloc       28%        N/A       80%         3
 Spider Form              Tmut/Pois      14%        N/A       80%         3
 Stone Arrow              Conj/Erth      28%        3d8       80%         3
 Tukima's Dance           Hex            14%        N/A       80%         3
 Anguish                  Hex/Necr       7%         N/A       99%         4
 Animate Armour           Summ/Erth      28%        N/A       99%         4
 Blade Hands              Tmut           7%         N/A       100%        5
 Lehudib's Crystal Spear  Conj/Erth      7%         10d3      100%        8


Dungeon Overview and Level Annotations

Branches:
Dungeon (11/15)            Temple (0/1) D:5            Lair (1/5) D:11
    Orc (1/2) D:10          Sewer (visited)

Altars:
Ashenzari
Cheibriados
Fedhas
Gozag
Hepliaklqana
Kikubaaqudgha
Makhleb
Nemelex Xobeh
Okawaru
Ru
Sif Muna
Vehumet
Wu Jian
Yredelemnul

Shops:
D:4 :   D:9 [   D:10 *


Innate Abilities, Weirdness & Mutations

You have very sharp teeth.
Your uncanny sense of smell can sniff out nearby items.
Your experience applies equally to all skills.


Message History

The komodo dragon bites you but does no damage.
You hit the komodo dragon.
You bite the komodo dragon, but do no damage.
The komodo dragon is moderately wounded.
The komodo dragon bites you but does no damage.
You barely miss the komodo dragon.
You bite the komodo dragon, but do no damage.
The komodo dragon is moderately wounded.
The komodo dragon bites you!
You closely miss the komodo dragon.
The komodo dragon is moderately wounded.
The komodo dragon bites you!
You closely miss the komodo dragon.
The komodo dragon is moderately wounded.
You hit the komodo dragon.
You bite the komodo dragon, but do no damage.
The komodo dragon is moderately wounded.
The komodo dragon bites you but does no damage.
You hit the komodo dragon. You punch the komodo dragon.
The komodo dragon is heavily wounded.
The komodo dragon bites you!!
You hit the komodo dragon but do no damage.
The komodo dragon is heavily wounded.
The komodo dragon bites you!!
* * * LOW HITPOINT WARNING * * *
You hit the komodo dragon.
The komodo dragon is severely wounded.
You hit the komodo dragon but do no damage.
The komodo dragon is severely wounded.
The komodo dragon bites you.
* * * LOW HITPOINT WARNING * * *
You hit the komodo dragon.
The komodo dragon is severely wounded.
The komodo dragon closely misses you.
You hit the komodo dragon but do no damage.
You bite the komodo dragon, but do no damage.
The komodo dragon is severely wounded.
The komodo dragon bites you!!
You die...
Fedhas appreciates your contribution to the ecosystem.

# #....... #.
#...##.####+##
#.#####............#
#.........#...........
#.........#........#..
..#.........#....... #..
#....^......#...######..
......l@)...............
.#...###.##P###..##.....
... ###### ##........
... #..# ##.P.....
#.###... #.#.#.#.
..)...# #....... .....#
#.#.#.#. #....# #.......
#....# #.#.#.#.


You could see a komodo dragon.

Vanquished Creatures
  Pikel (D:5)
  Joseph (D:7)
  A cane toad (Lair:1)
  2 rime drakes (D:8)
  Psyche (D:10)
  2 komodo dragons
  Grinder (Sewer)
  Sigmund (D:5)
  2 wyverns
  3 wraiths
  A steam dragon (D:8)
  Menkaure (D:6)
  3 wargs
  An acid dragon (D:9)
  4 water moccasins
  5 orc warriors
  A black bear (D:6)
  An ice beast (D:7)
  A sky beast (D:8)
  5 ogres
  3 centaurs
  2 phantoms
  6 kobold brigands
  A gnoll sergeant (D:7)
  4 bullfrogs
  A necrophage (Sewer)
  4 scorpions
  10 wights
  5 killer bees
  A howler monkey (D:6)
  4 electric eels (D:8)
  A gnoll bouda (D:6)
  2 jellies (D:5)
  3 hounds
  9 orc priests
  4 iguanas
  Natasha (thrice) (D:2)
  21 orc wizards
  14 gnolls
  7 adders
  6 shadow imps
  4 white imps
  3 ufetubi (Sewer)
  An adder zombie (Sewer)
  5 worms
  2 dart slugs
  48 orcs
  7 bats
  12 endoplasms
  9 giant cockroaches
  8 goblins
  8 hobgoblins
  A jackal (D:2)
  43 kobolds
  6 quokkas
  9 ball pythons
  2 frilled lizards
  A kobold zombie (Sewer)
  7 rats
325 creatures vanquished.

Vanquished Creatures (collateral kills)
  An orc (D:6)
1 creature vanquished.

Vanquished Creatures (others)
  A sleepcap (D:8)
  2 gnolls (D:8)
3 creatures vanquished.

Grand Total: 329 creatures vanquished

Notes
Turn   | Place    | Note
-------+----------+-------------------------------------------
     0 | D:1      | Reached skill level 10 in Ranged Weapons
     0 | D:1      | FallenXxXSky the Gnoll Wanderer began the quest for the
                  | Orb.
     0 | D:1      | FallenXxXSky set off with the following items: a +0
                  | shortbow, a +0 spear, a +0 ring mail, a scroll of silence.
     0 | D:1      | Reached XP level 1. HP: 20/20 MP: 1/1
    71 | D:1      | Reached XP level 2. HP: 26/26 MP: 2/2
    89 | D:1      | Noticed an eye of devastation
    90 | D:1      | Found a faded altar of an unknown god.
   126 | D:1      | Noticed a floating eye
   130 | D:1      | Noticed an eye of devastation
   130 | D:1      | Noticed a golden eye
   156 | D:1      | Prayed at the altar of an unknown god.
   156 | D:1      | Became a worshipper of Fedhas Madash
   156 | D:1      | Reached * piety under Fedhas
   328 | D:1      | Reached XP level 3. HP: 31/31 MP: 3/3
   783 | D:2      | Reached skill level 1 in Invocations
   929 | D:2      | Reached skill level 1 in Short Blades
   929 | D:2      | Reached skill level 1 in Long Blades
   929 | D:2      | Reached skill level 1 in Axes
   929 | D:2      | Reached skill level 1 in Maces & Flails
   929 | D:2      | Reached skill level 1 in Staves
   929 | D:2      | Reached skill level 1 in Throwing
   929 | D:2      | Reached skill level 1 in Dodging
   929 | D:2      | Reached skill level 1 in Stealth
   929 | D:2      | Reached skill level 1 in Shields
   929 | D:2      | Reached skill level 1 in Unarmed Combat
   929 | D:2      | Reached skill level 1 in Spellcasting
   929 | D:2      | Reached skill level 1 in Evocations
   943 | D:2      | Reached ** piety under Fedhas
   944 | D:2      | Reached XP level 4. HP: 34/38 MP: 5/5
  1040 | D:2      | Noticed Natasha
  1051 | D:2      | Killed Natasha
  1052 | D:2      | Reached skill level 1 in Conjurations
  1052 | D:2      | Reached skill level 1 in Hexes
  1052 | D:2      | Reached skill level 1 in Summonings
  1052 | D:2      | Reached skill level 1 in Necromancy
  1052 | D:2      | Reached skill level 1 in Translocations
  1052 | D:2      | Reached skill level 1 in Transmutations
  1052 | D:2      | Reached skill level 1 in Fire Magic
  1052 | D:2      | Reached skill level 1 in Ice Magic
  1052 | D:2      | Reached skill level 1 in Air Magic
  1052 | D:2      | Reached skill level 1 in Earth Magic
  1052 | D:2      | Reached skill level 1 in Poison Magic
  1194 | D:2      | Noticed Natasha
  1200 | D:2      | Killed Natasha
  1201 | D:2      | Reached XP level 5. HP: 34/43 MP: 5/7
  1207 | D:2      | Noticed Natasha
  1216 | D:2      | Killed Natasha
  1755 | D:2      | Reached XP level 6. HP: 34/50 MP: 8/8
  1825 | D:3      | Reached skill level 5 in Fighting
  1825 | D:3      | Reached skill level 5 in Armour
  1868 | D:3      | Reached *** piety under Fedhas
  1935 | D:3      | Found a shimmering blue altar of Sif Muna.
  2139 | D:3      | Found a snail-covered altar of Cheibriados.
  2830 | D:4      | Found a radiant altar of Vehumet.
  2834 | D:4      | Found a hazy altar of Hepliaklqana.
  2840 | D:4      | Found an ancient bone altar of Kikubaaqudgha.
  2865 | D:4      | Reached XP level 7. HP: 31/56 MP: 10/10
  3019 | D:4      | Found Pejiqi's Book Boutique.
  3314 | D:5      | Entered Level 5 of the Dungeon
  3314 | D:5      | Noticed Sigmund
  3452 | D:5      | Reached **** piety under Fedhas
  3477 | D:5      | Reached XP level 8. HP: 52/63 MP: 12/12
  3493 | D:5      | HP: 3/63 [gnoll/+0 flail (7)]
  3809 | D:5      | Found a broken altar of Ashenzari.
  3965 | D:5      | Found a staircase to the Ecumenical Temple.
  4025 | D:5      | Noticed Pikel
  4057 | D:5      | Killed Pikel
  4058 | D:5      | Reached skill level 11 in Ranged Weapons
  4277 | D:5      | Killed Sigmund
  4383 | D:5      | Reached XP level 9. HP: 43/69 MP: 13/15
  4467 | D:5      | Found a sparkling altar of Nemelex Xobeh.
  4778 | D:6      | Found a blossoming altar of Fedhas.
  4783 | D:6      | Reached skill level 5 in Polearms
  4824 | D:6      | Found a glowing drain.
  4833 | D:6      | Reached ***** piety under Fedhas
  4847 | Sewer    | Entered a sewer
  4967 | Sewer    | Found an ancient bone altar of Kikubaaqudgha.
  5076 | Sewer    | Noticed Grinder
  5091 | Sewer    | Killed Grinder
  5151 | Sewer    | Reached skill level 5 in Invocations
  5394 | D:6      | Noticed Menkaure
  6110 | D:7      | HP: 1/71 [something/puff of flame (8)]
  6119 | D:7      | HP: 2/71 [shadow imp/nerve-wracking pain (2)]
  6384 | D:6      | Reached skill level 5 in Short Blades
  6384 | D:6      | Reached skill level 5 in Long Blades
  6384 | D:6      | Reached skill level 5 in Axes
  6384 | D:6      | Reached skill level 5 in Maces & Flails
  6384 | D:6      | Reached skill level 5 in Staves
  6384 | D:6      | Reached skill level 5 in Throwing
  6384 | D:6      | Reached skill level 5 in Dodging
  6384 | D:6      | Reached skill level 5 in Stealth
  6384 | D:6      | Reached skill level 5 in Shields
  6384 | D:6      | Reached skill level 5 in Unarmed Combat
  6384 | D:6      | Reached skill level 5 in Spellcasting
  6384 | D:6      | Reached skill level 5 in Evocations
  6384 | D:6      | Reached XP level 10. HP: 54/77 MP: 17/17
  6532 | D:6      | Killed Menkaure
  6818 | D:7      | Found an iron altar of Okawaru.
  6922 | D:7      | Noticed Maggie
  6925 | D:7      | Maggie changed into Maggie the warg
  6925 | D:7      | Noticed Maggie
  6943 | D:7      | Killed Maggie the warg
  6944 | D:7      | Reached skill level 12 in Ranged Weapons
  7131 | D:7      | Noticed Joseph
  7162 | D:7      | Killed Joseph
  7771 | D:7      | Found an opulent altar of Gozag.
  8050 | D:8      | Found the +4 skin of Zhor {*Englaciate rC+++ SInv}
  8841 | D:8      | HP: 3/79 [steam dragon (3)]
 10269 | D:9      | Found a burning altar of Makhleb.
 10537 | D:9      | Found an ornate altar of the Wu Jian Council.
 10576 | D:9      | Reached ****** piety under Fedhas
 10652 | D:9      | Noticed an animated pearl dragon scales
 10654 | D:9      | Found Vexzylup's Armour Boutique.
 10656 | D:9      | Noticed an animated storm dragon scales
 10809 | D:9      | Found a sacrificial altar of Ru.
 10824 | D:9      | Reached skill level 5 in Conjurations
 10824 | D:9      | Reached skill level 5 in Hexes
 10824 | D:9      | Reached skill level 5 in Summonings
 10824 | D:9      | Reached skill level 5 in Necromancy
 10824 | D:9      | Reached skill level 5 in Translocations
 10824 | D:9      | Reached skill level 5 in Transmutations
 10824 | D:9      | Reached skill level 5 in Fire Magic
 10824 | D:9      | Reached skill level 5 in Ice Magic
 10824 | D:9      | Reached skill level 5 in Air Magic
 10824 | D:9      | Reached skill level 5 in Earth Magic
 10824 | D:9      | Reached skill level 5 in Poison Magic
 10824 | D:9      | Reached XP level 11. HP: 76/85 MP: 20/20
 11522 | D:10     | Entered Level 10 of the Dungeon
 11788 | D:10     | Noticed Psyche
 11796 | D:10     | Killed Psyche
 12036 | D:9      | Reached skill level 13 in Ranged Weapons
 12726 | D:10     | Found a staircase to the Orcish Mines.
 12771 | D:10     | Found a basalt altar of Yredelemnul.
 12788 | D:10     | Found Anorry's General Store.
 12796 | D:10     | Bought a scroll of teleportation for 42 gold pieces
 12796 | D:10     | Bought a scroll of fear for 56 gold pieces
 13321 | Orc:1    | Entered Level 1 of the Orcish Mines
 13601 | Orc:1    | Noticed an orc sorcerer
 13606 | Orc:1    | Noticed a soul eater
 13612 | Orc:1    | HP: 2/82 [orc sorcerer/+0 dagger (5)]
 13890 | D:11     | Found a radiant altar of Vehumet.
 13966 | D:11     | Found a staircase to the Lair.
 14017 | Lair:1   | Entered Level 1 of the Lair of Beasts
 14719 | Lair:1   | Mangled by a komodo dragon

Illustrated notes

Levels and vault maps discovered:
D:1:      erik_arrival_blinker_ship, layout_loops_ring,
          hellmonk_ecumenical_altar_watching_god, amcnicky_mini_pool_small
D:2:      minmay_angry_zag, layout_rooms, uniq_natasha
D:3:      layout_rooms, marbit_many_paths, mainiacjoe_overflow_24_doors
D:4:      layout_loops_ring, grunt_temple_overflow_diamond, serial_shops,
          nicolae_shop_crystal
D:5:      layout_rooms, nicolae_ashenzari_skybound, nemelex_dance_club_becter,
          temple_hall, st_stairs_7, minmay_manual_mullet, uniq_sigmund,
          uniq_pikel
D:6:      layout_cave_pools, fedhas_altar_2, gup_sewer_entry_pipe,
          kennysheep_doodads, uniq_menkaure
D:7:      layout_basic, mainiacjoe_overflow_alcove_2, okawaru_gym_becter,
          uniq_maggie, uniq_joseph
D:8:      layout_basic, serial_bayou, serial_bayou_ford_a, serial_bayou_pond_e,
          serial_bayou_pond_e, serial_bayou_pond_d, hellmonk_guarded_unrand_zhor
D:9:      layout_long_grid, lemuel_coloured_pillars_altar, old_standard_altar,
          nicolae_wu_jian_wuxing_cycle, serial_shops, nicolae_shop_mannequins
D:10:     layout_basic, nicolae_overflow_hidden_temple, erik_orc_4,
          serial_shops, nicolae_shop_tiny_waterfront, uniq_psyche
D:11:     nicolae_hexawheel, layout_loops_ring, lair_entry_dummy,
          vehumet_crystals
Lair:1:   layout_chaotic_city, st_stairs_10
Orc:1:    layout_caves, portal_ice_cave_entry_pillars_2, basic_altar

Skill      XL: |  1  2  3  4  5  6  7  8  9 10 11 |
---------------+----------------------------------+-----
Ranged Weapons | 11 12 13 | 13.2
Invocations    | 1 2 3 4 5 6 7 |  7.2
Short Blades   | 1 2 3 4 5 6 |  6.6
Long Blades    | 1 2 3 4 5 6 |  6.6
Axes           | 1 2 3 4 5 6 |  6.6
Maces & Flails | 1 2 3 4 5 6 |  6.6
Staves         | 1 2 3 4 5 6 |  6.6
Throwing       | 1 2 3 4 5 6 |  6.6
Dodging        | 1 2 3 4 5 6 |  6.6
Stealth        | 1 2 3 4 5 6 |  6.6
Shields        | 1 2 3 4 5 6 |  6.6
Unarmed Combat | 1 2 3 4 5 6 |  6.6
Spellcasting   | 1 2 3 4 5 6 |  6.6
Evocations     | 1 2 3 4 5 6 |  6.6
Conjurations   | 1 2 3 4 5 |  5.4
Hexes          | 1 2 3 4 5 |  5.4
Summonings     | 1 2 3 4 5 |  5.4
Necromancy     | 1 2 3 4 5 |  5.4
Translocations | 1 2 3 4 5 |  5.4
Transmutations | 1 2 3 4 5 |  5.4
Fire Magic     | 1 2 3 4 5 |  5.4
Ice Magic      | 1 2 3 4 5 |  5.4
Air Magic      | 1 2 3 4 5 |  5.4
Earth Magic    | 1 2 3 4 5 |  5.4
Poison Magic   | 1 2 3 4 5 |  5.4
Polearms       | 3 4 5 6 7 |  7.1
Fighting       | 5 6 7 8 |  8.1
Armour         | 5 6 7 8 |  8.1

Action                     |  1- 3 |  4- 6 |  7- 9 | 10-12 || total
---------------------------+-------+-------+-------+-------++-------
  Melee: Spear             |   137 |    13 |       |       ||   150
         Punch             |     2 |     4 |    19 |    38 ||    63
         Bite              |    12 |    21 |    42 |   104 ||   179
         Whip              |       |   268 |   485 |   798 ||  1551
         Demon trident     |       |       |       |    37 ||    37
   Fire: Shortbow          |     4 |       |       |    89 ||    93
 Invoke: Wall of Briars    |       |       |     2 |       ||     2
  Evoke: Wand              |       |       |       |     2 ||     2
    Use: Scroll            |       |     3 |     5 |     6 ||    14
         Potion            |       |       |     1 |     2 ||     3
   Stab: Sleeping          |       |       |     1 |       ||     1
 Armour: Ring mail         |    40 |   119 |    26 |       ||   185
         Chain mail        |       |       |   293 |   142 ||   435
         Plate armour      |       |       |       |   393 ||   393
  Dodge: Dodged            |    51 |   140 |   224 |   341 ||   756
